 Dungeon Crawl Stone Soup version 0.23.2-40-g277498a (webtiles) character file.

Game seed: 1291158915585473603

100 sanboga the Skirmisher (level 4, -6/43 HPs)
             Began as a Gargoyle Berserker on Sept 23, 2019.
             Was a Believer of Trog.
             Mangled by a gnoll
             ... wielding a cursed -1 whip
              (7 damage)
             ... on level 3 of the Dungeon on Sept 27, 2019.
             The game lasted 00:03:00 (1633 turns).

sanboga the Skirmisher (Gargoyle Berserker)         Turns: 1633, Time: 00:03:01

Health: -6/43      AC:  7    Str: 27    XL:     4   Next: 73%
Magic:  4/4        EV: 12    Int:  7    God:    Trog [**....]
Gold:   82         SH:  0    Dex:  9    Spells: 3/3 levels left

rFire    . . .     SeeInvis .   a - +0 hand axe
rCold    . . .     Gourm    .   (no shield)
rNeg     + . .     Faith    .   b - +0 animal skin
rPois    ∞         Spirit   .   h - +0 helmet
rElec    +         Reflect  .   (no cloak)
rCorr    .         Harm     .   (no gloves)
MR       .....                  (no boots)
Stlth    ..........             (no amulet)
HPRegen  0.14/turn              (no ring)
MPRegen  0.09/turn              (no ring)

@: berserking, very quick
A: negative energy resistance 1, electricity resistance, unbreathing,
petrification resistance, rot immunity, AC +3
a: Berserk, Trog's Hand, Renounce Religion


You were on level 3 of the Dungeon.
You worshipped Trog.
Trog was pleased with you.
You were not hungry.

You visited 1 branch of the dungeon, and saw 3 of its levels.

You collected 82 gold pieces.

Inventory:

Hand Weapons
 a - a +0 hand axe (weapon)
Armour
 b - a +0 animal skin (worn)
 h - a +0 helmet (worn)
Scrolls
 f - 2 scrolls of teleportation
Comestibles
 c - 6 rations


   Skills:
 + Level 4.1 Fighting
 + Level 3.3 Axes
 + Level 3.1 Armour
 + Level 2.3 Dodging


You had 3 spell levels left.
You didn't know any spells.
Your spell library was empty.

Dungeon Overview and Level Annotations

Branches:
Dungeon (3/15)

Altars:


Innate Abilities, Weirdness & Mutations

You are resistant to torment.
Your stone body is resilient. (AC +3)
You are immune to poison.
You resist negative energy. (rN+)
You are resistant to electric shocks. (rElec)
You can survive without breathing.
You are immune to petrification.
You are immune to rotting.


Message History

You are too injured to fight recklessly!
You are too injured to fight recklessly!
You are too injured to fight recklessly!
You are too injured to fight recklessly!
You are too injured to fight recklessly!
You are too injured to fight recklessly!
A red film seems to cover your vision as you go berserk!
You feel yourself moving faster!
You feel mighty!
You feel a lot more hungry. The gnoll hits you with a +0 whip.
The gnoll barely misses you. x2
You hit the gnoll.
The gnoll is moderately wounded.
You hit the gnoll.
You kill the gnoll!
Trog accepts your kill.
You barely miss the gnoll. You hit the gnoll.
The gnoll hits you from afar with a +0 halberd!
* * * LOW HITPOINT WARNING * * *
The gnoll closely misses you.
The gnoll hits you with a cursed -1 whip!
You die...

........#......<........#.
#######.#...............#.
..........................
#######.#.#############.#<
#...........#####.#.
#...#######.#.....#.
#####...#######....#####
#...(....#............###
#.......@#+#######..#....
#.......gg...... #..#.#.#
#.......#.g..... #..#....
#.......#....... #..#.#.#
#.......#....... #.......
#...############ #.######
# #.....# #.......
...#.#.....# ########
#.........######


You could see 3 gnolls.

Vanquished Creatures
  Robin (D:2)
  A gnoll (D:3)
  3 oozes (D:1)
  A worm (D:3)
  A dart slug (D:2)
  2 giant cockroaches
  21 goblins
  5 hobgoblins
  4 jackals (D:2)
  4 kobolds
  A ball python (D:2)
  5 bats
  A frilled lizard (D:2)
  5 rats
55 creatures vanquished.

Notes
Turn   | Place    | Note
-------+----------+-------------------------------------------
     0 | D:1      | sanboga the Gargoyle Berserker began the quest for the Orb.
     0 | D:1      | Reached XP level 1. HP: 14/14 MP: 1/1
   250 | D:1      | Reached XP level 2. HP: 19/19 MP: 2/2
   479 | D:1      | Reached XP level 3. HP: 22/24 MP: 3/3
   916 | D:2      | Reached ** piety under Trog
  1038 | D:2      | Noticed Robin
  1045 | D:2      | Reached XP level 4. HP: 29/29 MP: 4/4
  1048 | D:2      | Reached skill level 4 in Fighting
  1051 | D:2      | Killed Robin
  1633 | D:3      | HP: 1/43 [gnoll/+0 halberd (14)]
  1633 | D:3      | Mangled by a gnoll

Skill      XL: |  1  2  3  4 |
---------------+-------------+-----
Axes           | 3 |  3.3
Dodging        | 2 |  2.3
Fighting       | 4 |  4.1
Armour         | 3 |  3.1

Action                   |  1- 3 |  4- 6 || total
-------------------------+-------+-------++-------
Melee: Hand axe          |    91 |    51 ||   142
Invok: Berserk           |     1 |     1 ||     2
  Use: Potion            |     3 |       ||     3
       Scroll            |     2 |     2 ||     4
 Stab: Distracted        |     1 |       ||     1
  Eat: Chunk             |     1 |     3 ||     4
Armor: Animal skin       |    47 |    27 ||    74
Dodge: Dodged            |    66 |    39 ||   105
